 Dungeon Crawl Stone Soup version 0.25-a0-942-g87a53962fc (webtiles) character file.

Game seed: 3826018178852974948, levelgen mode: classic

15 Amnesiac the Magician (level 2, 0/15 HPs)
             Began as a Deep Elf Wizard on May 7, 2020.
             Succumbed to a killer bee's poison
             ... on level 3 of the Dungeon.
             The game lasted 00:01:11 (375 turns).

Amnesiac the Magician (Deep Elf Wizard)              Turns: 375, Time: 00:01:11

Health: 0/15       AC:  2    Str:  4    XL:     2   Next: 34%
Magic:  0/9        EV: 13    Int: 22    God:
Gold:   0          SH:  0    Dex: 13    Spells: 5/10 levels left

rFire    . . .     SeeInvis .   (no weapon)
rCold    . . .     Gourm    .   (no shield)
rNeg     . . .     Faith    .   a - +0 robe
rPois    .         Spirit   .   b - +0 hat
rElec    .         Reflect  .   (no cloak)
rCorr    .         Harm     .   (no gloves)
MR       .....                  (no boots)
Stlth    ++........             (no amulet)
HPRegen  0.05/turn              c - ring of flight
MPRegen  0.11/turn              (no ring)

@: lethally poisoned (0 -> -10)
A: no striking features
a: Evoke Flight


You were on level 3 of the Dungeon.
You were not hungry.

You visited 1 branch of the dungeon, and saw 4 of its levels.

Inventory:

Armour
 a - a +0 robe (worn)
 b - a +0 hat (worn)
Jewellery
 c - a ring of flight (left hand)
Comestibles
 d - 3 rations
 f - a chunk of flesh


   Skills:
 - Level 2.4 Dodging
 + Level 2.9 Stealth
 - Level 4.5 Spellcasting
 * Level 2.2 Conjurations
 - Level 1.1 Summonings
 - Level 1.1 Translocations


You had 5 spell levels left.
You knew the following spells:

 Your Spells              Type           Power        Failure   Level  Hunger
a - Magic Dart            Conj           ##..         4%          1    None
b - Call Imp              Summ           #.......     11%         2    #......
v - Blink                 Tloc           N/A          11%         2    #......

Your spell library contained the following spells:

 Spells                   Type           Power        Failure   Level  Hunger
 Slow                     Hex            #.......     16%         2    #......
 Conjure Flame            Conj/Fire      #.......     21%         3    ##.....
 Mephitic Cloud           Conj/Pois/Air  #.......     24%         3    ##.....


Dungeon Overview and Level Annotations

Branches:
Dungeon (4/15)
 Temple: D:4-7

Altars:


Message History

Press: ? - help, Shift-Dir - straight line, f - killer bee
Aim: a killer bee The magic dart hits the killer bee.
The killer bee is lightly wounded.
The killer bee barely misses your iron imp.
The killer bee stings your iron imp.
Casting: Magic Dart (safe; 4% risk of failure)
Confirm with . or Enter, or press ? or * to list all spells.
Aiming: Magic Dart (safe; 4% risk of failure)
Press: ? - help, Shift-Dir - straight line, f/p - killer bee
Aim: a killer bee (lightly wounded)
The magic dart hits the killer bee but does no damage.
The killer bee is lightly wounded.
The killer bee stings your iron imp.
The killer bee stings your iron imp but does no damage.
Casting: Magic Dart (safe; 4% risk of failure)
Confirm with . or Enter, or press ? or * to list all spells.
Aiming: Magic Dart (safe; 4% risk of failure)
Press: ? - help, Shift-Dir - straight line, f/p - killer bee
Aim: a killer bee (lightly wounded)
The magic dart hits the killer bee.
The killer bee is moderately wounded.
The killer bee stings your iron imp. The killer bee stings your iron imp!
Your iron imp dies!
Casting: Magic Dart (safe; 4% risk of failure)
Confirm with . or Enter, or press ? or * to list all spells.
Aiming: Magic Dart (safe; 4% risk of failure)
Press: ? - help, Shift-Dir - straight line, f/p - killer bee
Aim: a killer bee (moderately wounded)
The magic dart hits the killer bee but does no damage.
The killer bee is moderately wounded.
The killer bee closely misses you. The killer bee stings you.
Casting: Magic Dart (safe; 4% risk of failure)
Confirm with . or Enter, or press ? or * to list all spells.
Aiming: Magic Dart (safe; 4% risk of failure)
Press: ? - help, Shift-Dir - straight line, f/p - killer bee
Aim: a killer bee (moderately wounded)
The magic dart hits the killer bee.
The killer bee is heavily wounded.
The killer bee completely misses you. The killer bee closely misses you.
Casting: Magic Dart (safe; 4% risk of failure)
Confirm with . or Enter, or press ? or * to list all spells.
You don't have enough magic to cast that spell.
Casting: Magic Dart (safe; 4% risk of failure)
Confirm with . or Enter, or press ? or * to list all spells.
You don't have enough magic to cast that spell.
You aren't carrying any scrolls.
Unknown command.
You aren't carrying any items that you can evoke.
The killer bee stings you.
* * * LOW HITPOINT WARNING * * *
You aren't carrying any scrolls.
You aren't carrying any potions.
You aren't carrying any potions.
Unknown command.
You aren't carrying any potions.
You aren't carrying any scrolls.
The killer bee closely misses you.
A quokka comes into view.
The killer bee stings you.
* * * LOW HITPOINT WARNING * * *
You are lethally poisoned!
The killer bee poisons you!
You die...

###......#
#.>..### #.#.##
## #.#.# .#
#.#.#### ..
#<.....# .#
#......# .#
#......########.#
#.<.......#...@r#
#...<..##.###.###
#.#######.# #y#
#.# #.###.# #.#
#.รท...# #.....#
#.>...# #.......#
##.##.....#


You could see a killer bee and a quokka (sleeping).

Vanquished Creatures
  An adder (D:3)
  A dart slug (D:3)
  A goblin (D:2)
  A quokka (D:2)
4 creatures vanquished.

Notes
Turn   | Place    | Note
-------+----------+-------------------------------------------
     0 | D:1      | Amnesiac the Deep Elf Wizard began the quest for the Orb.
     0 | D:1      | Reached XP level 1. HP: 10/10 MP: 7/7
   168 | D:3      | Reached XP level 2. HP: 13/15 MP: 1/9
   175 | D:3      | Learned a level 2 spell: Blink
   178 | D:3      | Learned a level 2 spell: Call Imp
   359 | D:4      | Noticed a killer bee
   359 | D:4      | Noticed a killer bee
   359 | D:4      | Noticed a killer bee
   359 | D:4      | Noticed a killer bee
   359 | D:4      | Noticed a killer bee
   360 | D:4      | Noticed a killer bee
   375 | D:3      | Succumbed to a killer bee's poison

Levels and vault maps discovered:
D:1:      dpeg_arrival_water_fire, layout_basic, minmay_lizard_king
D:2:      layout_rooms, nicolae_dithmenos_through_a_glass_darkly,
          wad_floor_pattern_untrapped
D:3:      minmay_chambers_of_twos, layout_basic, kennysheep_generic_room_4
D:4:      minmay_general_purpose_star, layout_cave_pools,
          minmay_temple_entry_hall, first_ration, nicolae_tso_carved_into_rock

Skill      XL: |  1 |
---------------+----+-----
Conjurations   | 2 |  2.2
Dodging        | |  2.4
Stealth        | |  2.9
Spellcasting   | |  4.5
Summonings     | |  1.1
Translocations | |  1.1

Action                   || total
-------------------------++-------
 Cast: Magic Dart        ||    19
       Call Imp          ||     2
Armor: Robe              ||     1
Dodge: Dodged            ||     8

Table legend:
 A = Non-vault XP
 B = Vault XP
 C = Vault XP percentage of total XP
 D = Non-vault monster count
 E = Vault monster count
 F = Vault count percentage of total count
                 A         B        C        D         E       F
            +---------+---------+-------+---------+---------+-------
      Total |      22 |       0 |   0.0 |       4 |       0 |   0.0
            +---------+---------+-------+---------+---------+-------
        D:2 |       4 |       0 |   0.0 |       2 |       0 |   0.0
        D:3 |      18 |       0 |   0.0 |       2 |       0 |   0.0
            +---------+---------+-------+---------+---------+-------
